 Dungeon Crawl Stone Soup version 0.29.1-debian-1-gc3f1650bb9 (webtiles) character file.

Game seed: 4624002806177391257

1664 ytrimaz the Fighter (level 8, -12/78 HPs)
             Began as a Purple Draconian Berserker on Sept 12, 2022.
             Was an Elder of Trog.
             Mangled by Menkaure (19 damage)
             ... on level 5 of the Dungeon.
             The game lasted 00:06:20 (4520 turns).

ytrimaz the Fighter (Purple Draconian Berserker)    Turns: 4520, Time: 00:06:20

Health: -12/78     AC:  6    Str: 21    XL:     8   Next: 69%
Magic:  8/8        EV: 12    Int:  7    God:    Trog [****..]
Gold:   204        SH:  0    Dex: 12    Spells: 7/7 levels left

rFire   + . .      SeeInvis .     - Unarmed
rCold   + . .      Faith    .   (no shield)
rNeg    . . .      Spirit   .   (body armour unavailable)
rPois   +          Reflect  .   j - +2 hat {Will+}
rElec   +          Harm     .   a - +1 cloak
rCorr   +          Rampage  .   (no gloves)
Will    ++++.                   (no boots)
Stlth   +.........              g - amulet of magic regeneration
HPRegen 1.23/turn               (no ring)
MPRegen 0.51/turn               (no ring)

@: resistant, strong-willed, corroded, on berserk cooldown, attractive,
regenerating, slowed, very slow
A: breathe power, AC +6, unfitting armour, cold-blooded
a: Breathe Dispelling Energy, Renounce Religion, Berserk, Trog's Hand, Brothers
in Arms


You were on level 5 of the Dungeon.
You worshipped Trog.
Trog was greatly pleased with you.
You visited 1 branch of the dungeon, and saw 5 of its levels.

You collected 204 gold pieces.


Innate Abilities, Weirdness & Mutations

You can breathe bolts of dispelling energy.
Your rich purple scales are hard. (AC +6)
You cannot fit into any form of body armour.
You are cold-blooded and may be slowed by cold attacks.


   Skills:
 + Level 9.2 Fighting
 - Level 2.6 Dodging
 + Level 8.4 Unarmed Combat


You had 7 spell levels left.
You didn't know any spells.
Your spell library was empty.

Inventory:

Armour
 a - a +1 cloak (worn)
   (You found it on level 2 of the Dungeon)
 b - a +0 kite shield
   (You found it on level 2 of the Dungeon)
 j - a +2 hat of willpower (worn)
   (You found it on level 3 of the Dungeon)
Jewellery
 g - an amulet of magic regeneration (around neck)
   (You found it on level 1 of the Dungeon)
Wands
 p - a wand of iceblast (9)
   (You found it on level 3 of the Dungeon)
 r - a wand of polymorph (21)
   (You found it on level 3 of the Dungeon)
 u - a wand of flame (19)
   (You found it on level 4 of the Dungeon)
Scrolls
 e - a scroll of poison
 f - 4 scrolls of teleportation
 h - a scroll of silence
 i - 2 scrolls of magic mapping
 m - a scroll of fear
 s - a scroll of identify
 t - a scroll of enchant weapon
 v - a scroll of fog {unknown}
Potions
 c - 3 potions of magic
 k - 3 potions of flight
 l - 2 potions of brilliance
 n - a potion of attraction
 o - a potion of degeneration {unknown}
 q - 2 potions of ambrosia {unknown}

Dungeon Overview and Level Annotations

Branches:
Dungeon (5/15) Zot: 25466  Temple (0/1) D:4

Altars:
Vehumet
The Shining One

Annotations:
D:5 Blork the orc, Menkaure

#.###.รทรท..####
#>....###....# #
###..##!##.#.#
#.##.ยง.#?..#...#
#.#..o.##.##...#
.##...#g###'#....##
.....##({##.#####.##
.....#.M..w#'.o.##.##
.....#.@(J##.....#..####
.....##)o###?$..o#......
......####.#.....#..#.##
...........##..[##.....#
.......#.##.#####......#
.........##..........#.#
.......### .####.#.#.#..
....... #.#.#.### #####
#.#.#.# #


You could see Blork the orc (fast, fleeing), Menkaure (fast), a jelly (fleeing),
a gnoll (fleeing), a dart slug (fleeing) and 2 orcs.


Message History

Unknown command.
You punch Pikel! The lemure hits you.
* * * LOW HITPOINT WARNING * * *
The gnoll barely misses you. Something hits you but does no damage.
The lemure hits you but does no damage.
Pikel drinks a potion.
Pikel is healed!
The lemure barely misses you. The orc barely misses you.
Blork the orc hits you from afar with a +0 glaive.
* * * LOW HITPOINT WARNING * * *
๐Ÿ˜ฑ HP[-5]
You take 5 damage, and now have 9/112 hp.
You punch Pikel! You tail-slap Pikel, but do no damage.
The gnoll hits you but does no damage. Something hits you but does no damage.
The lemure barely misses you. x2; Blork the orc barely misses you.
The lemure closely misses you. The orc closely misses you.
Pikel barely misses you. ๐Ÿ˜ฑ HP[+1] Unknown command.
You punch Pikel!
You kill Pikel!
Trog accepts your kill.
With Pikel's spell broken, his former minions thank you for their freedom.
The lemure departs this earthly plane. x4; Blork the orc barely misses you.
Blork the orc is attracted toward you.
Your Fighting skill increases to level 9!
Your Unarmed Combat skill increases to level 8! ๐Ÿ˜ฑ HP[+1]
You now have 117 max hp (+5).
Unknown command.
Unknown command.
Unknown command.
You pummel Blork the orc!!
You are no longer berserk.
You are exhausted.
You feel yourself slow down.
You hear some strange, mumbled words.
Something tries to affect you, but you resist.
The orc hits you but does no damage.
The gnoll hits you but does no damage. ๐Ÿ˜ฑ HP[-3]
You now have 78 max hp (-39).
You hit Blork the orc. Blork the orc barely misses you.
The dart slug launches a dart at you.
The slug dart hits something.
Menkaure calls on the powers of darkness!
The gnoll convulses!
The dart slug convulses!
Blork the orc convulses!
The orc convulses!
Something is bathed in an unholy light!
The jelly convulses!
Your body is wracked with pain!
* * * LOW HITPOINT WARNING * * *
The orc convulses!
Blork the orc hits you but does no damage.
Something hits you.
* * * LOW HITPOINT WARNING * * *
The gnoll barely misses you. The orc barely misses you. ๐Ÿ˜ฑ HP[-4]
You take 4 damage, and now have 4/78 hp.
Unknown command.
As you read the scroll of fear, it crumbles to dust.
You assume a fearsome visage.
The dart slug looks frightened!
The adder looks frightened!
The jelly looks frightened!
Blork the orc looks frightened!
Menkaure is unaffected.
The orc looks frightened! x2; The gnoll looks frightened!
The dart slug is attracted toward you. Blork the orc is attracted toward you.
The orc is attracted toward you. ๐Ÿ˜ฑ HP[+2]
You regained 2 hp, and now have 6/78 hp.
Unknown command.
Unknown command.
Unknown command.
You feel better.
Cornered, the jelly turns to fight!
Cornered, the orc turns to fight!
Menkaure hits you but does no damage. The orc closely misses you.
Menkaure casts a spell.
Menkaure seems to speed up.
The dart slug is attracted toward you. The gnoll is attracted toward you.
Blork the orc is attracted toward you. ๐Ÿ˜ฑ HP[+9]
You regained 9 hp, and now have 15/78 hp.
Unknown command.
Unknown command.
You punch the jelly! The acid corrodes you!
Your hands burn!
* * * LOW HITPOINT WARNING * * *
The jelly hits you.
* * * LOW HITPOINT WARNING * * *
You are splashed with acid.
You resist.
* * * LOW HITPOINT WARNING * * *
The orc barely misses you. Menkaure closely misses you.
The dart slug is attracted toward you. The gnoll is attracted toward you.
Blork the orc is attracted toward you. ๐Ÿ˜ฑ HP[-4]
You take 4 damage, and now have 11/78 hp.
Unknown command.
As you read the scroll of fear, it crumbles to dust.
You assume a fearsome visage.
The jelly looks frightened!
Menkaure is unaffected.
The orc looks frightened!
Menkaure calls on the powers of darkness!
The dart slug convulses!
Your body is wracked with pain!
* * * LOW HITPOINT WARNING * * *
The gnoll convulses!
The orc convulses!
Blork the orc convulses!
Menkaure hits you!!
You die...

Skill      XL: |  1  2  3  4  5  6  7  8 |
---------------+-------------------------+-----
Fighting       | 4 5 6 8 9 |  9.2
Unarmed Combat | 4 5 6 7 8 |  8.4
Dodging        | |  2.6

Action                   |  1- 3 |  4- 6 |  7- 9 || total
-------------------------+-------+-------+-------++-------
Melee: Unarmed           |   110 |   229 |   113 ||   452
       Tailslap          |     7 |    31 |    14 ||    52
       Punch             |     2 |     6 |     1 ||     9
Invok: Berserk           |     1 |     4 |     2 ||     7
       Trog's Hand       |       |     1 |     2 ||     3
 Abil: Breathe Dispellin |       |       |     4 ||     4
  Use: Scroll            |     4 |    10 |     2 ||    16
       Potion            |     2 |       |     3 ||     5
Armor: Skin              |    66 |    92 |    76 ||   234
Dodge: Dodged            |    94 |   129 |   108 ||   331

Levels and vault maps discovered:
D:1:      ncdulo_smallfort, layout_rooms, shapermc_ecumenical_altar_hornbeckon
D:2:      layout_rooms, uniq_jessica, uniq_natasha, uniq_terence
D:3:      minmay_diamond_boxcup, layout_rooms, nicolae_overflow_hidden_temple,
          serial_forest, infiniplex_forest_lined_corner,
          infiniplex_forest_end_3, infiniplex_forest_zigzag_1,
          infiniplex_forest_clump_medium, infiniplex_forest_zigzag_1,
          infiniplex_forest_end_1, infiniplex_forest_lined_4_way
D:4:      layout_rooms, mainiacjoe_overflow_chevrons, minmay_temple_entry_ruins,
          cheibrodos_sewer_entry_bend, chequers_hall_statues_wall_a,
          kennysheep_generic_room_6
D:5:      layout_basic, minmay_joined_circles, uniq_pikel, uniq_blork_the_orc,
          uniq_menkaure

Notes
Turn   | Place    | Note
-------+----------+-------------------------------------------
     0 | D:1      | ytrimaz the Draconian Berserker began the quest for the
                  | Orb.
     0 | D:1      | Reached XP level 1. HP: 19/19 MP: 1/1
     0 | D:1      | magus.rc [v1.9.6]
   158 | D:1      | Reached XP level 2. HP: 22/26 MP: 2/2
   382 | D:1      | Reached ** piety under Trog
   695 | D:1      | Reached skill level 4 in Fighting
   703 | D:1      | Reached XP level 3. HP: 21/33 MP: 3/3
   859 | D:1      | Found a faded altar of an unknown god.
  1330 | D:2      | Noticed Jessica
  1343 | D:2      | Reached skill level 4 in Unarmed Combat
  1346 | D:2      | Killed Jessica
  1347 | D:2      | Reached XP level 4. HP: 36/41 MP: 4/4
  1533 | D:2      | Noticed Terence
  1560 | D:2      | Killed Terence
  2107 | D:2      | Noticed Natasha
  2115 | D:2      | Killed Natasha
  2116 | D:2      | Reached skill level 5 in Fighting
  2116 | D:2      | Reached XP level 5. HP: 36/48 MP: 5/5
  2121 | D:2      | Identified the +3 robe of Raostrer {Int+2 Stlth+}
  2371 | D:3      | Reached *** piety under Trog
  2522 | D:3      | Reached skill level 5 in Unarmed Combat
  2921 | D:3      | Found a radiant altar of Vehumet.
  3186 | D:4      | Noticed an ice beast
  3207 | D:4      | Killed an ice beast
  3208 | D:4      | Reached skill level 6 in Fighting
  3208 | D:4      | Reached XP level 6. HP: 57/57 MP: 6/6
  3242 | D:4      | Found a staircase to the Ecumenical Temple.
  3395 | D:4      | Reached **** piety under Trog
  3435 | D:4      | Reached skill level 6 in Unarmed Combat
  3435 | D:4      | Your scales start taking on a rich purple colour.
  3435 | D:4      | Reached XP level 7. HP: 47/64 MP: 7/7
  3685 | D:4      | Found a glowing golden altar of the Shining One.
  3898 | D:5      | Entered Level 5 of the Dungeon
  4095 | D:5      | Reached skill level 7 in Fighting
  4216 | D:5      | Reached skill level 7 in Unarmed Combat
  4219 | D:5      | Reached skill level 8 in Fighting
  4219 | D:5      | Reached XP level 8. HP: 56/74 MP: 8/8
  4479 | D:5      | Noticed Menkaure
  4485 | D:5      | Noticed Pikel
  4485 | D:5      | Noticed Blork the orc
  4501 | D:5      | HP: 27/112 [lemure[Pikel] (3)]
  4506 | D:5      | HP: 20/112 [something (4)]
  4512 | D:5      | HP: 12/112 [lemure[Pikel] (3)]
  4514 | D:5      | Killed Pikel
  4515 | D:5      | Reached skill level 9 in Fighting
  4515 | D:5      | Reached skill level 8 in Unarmed Combat
  4516 | D:5      | HP: 4/78 [something (2)]
  4520 | D:5      | Mangled by Menkaure

Vanquished Creatures
  Pikel (D:5)
  2 water moccasins (D:5)
  2 ice beasts
  An ogre (D:4)
  A phantom (D:5)
  2 necrophages (D:5)
  A scorpion (D:5)
  A hound (D:5)
  A jelly (D:5)
  Terence (D:2)
  Jessica (D:2)
  An orc wizard (D:3)
  Natasha (D:2)
  2 iguanas
  7 gnolls
  8 adders
  An ufetubus (D:5)
  5 worms
  4 dart slugs
  9 orcs
  9 ball pythons
  6 bats
  6 endoplasms
  4 giant cockroaches
  9 goblins
  10 hobgoblins
  8 jackals
  7 quokkas
  A frilled lizard (D:1)
  10 kobolds
  7 rats
129 creatures vanquished.

Vanquished Creatures (collateral kills)
  A gnoll (D:4)
1 creature vanquished.

Vanquished Creatures (others)
  7 fungi
  A plant (D:1)
8 creatures vanquished.

Grand Total: 138 creatures vanquished

Table legend:
 A = Non-vault XP
 B = Vault XP
 C = Vault XP percentage of total XP
 D = Non-vault monster count
 E = Vault monster count
 F = Vault count percentage of total count
                 A         B        C        D         E       F
            +---------+---------+-------+---------+---------+-------
      Total |     836 |    1542 |  64.8 |     106 |      24 |  18.5
            +---------+---------+-------+---------+---------+-------
        D:1 |      56 |       0 |   0.0 |      31 |       0 |   0.0
        D:2 |      43 |     110 |  71.9 |      12 |       3 |  20.0
        D:3 |     133 |      11 |   7.6 |      33 |       7 |  17.5
        D:4 |     391 |      24 |   5.8 |      20 |       4 |  16.7
        D:5 |     213 |    1397 |  86.8 |      10 |      10 |  50.0
            +---------+---------+-------+---------+---------+-------

Illustrated notes

Table legend:
 A = Kills in this place as a percentage of kills in entire the game.
 B = Kills by you in this place as a percentage of kills by you in the entire game.
 C = Kills by friends in this place as a percentage of kills by friends in the entire game.
 D = Other kills in this place as a percentage of other kills in the entire game.
 E = Experience gained in this place as a percentage of experience gained in the entire game.
 F = Experience gained in this place divided by the number of levels of this place that you have seen.
                   A       B       C       D       E      F
               +-------+-------+-------+-------+-------+----------------------
         Total | 100.0 | 100.0 | 100.0 |   N/A | 100.0 | 475.6
       Dungeon | 100.0 | 100.0 | 100.0 |   N/A | 100.0 | 475.6
               +-------+-------+-------+-------+-------+----------------------

Table legend: (Time is in decaauts)
 A = Elapsed time spent in this place.
 B = Non-inter-level travel time spent in this place.
 C = Inter-level travel time spent in this place.
 D = Time resting spent in this place.
 E = Time spent auto-exploring this place.
 F = Levels seen in this place.
 G = Mean time per level.
                   A        B        C        D        E       F      G
               +--------+--------+--------+--------+--------+-----+--------+
         Total |   4532 |   4467 |     65 |    354 |   3145 |   5 |  906.4 |
       Dungeon |   4532 |   4467 |     65 |    354 |   3145 |   5 |  906.4 |
               +--------+--------+--------+--------+--------+-----+--------+

Top non-repeatable levels by time:
     D:1: 1129 daAuts
     D:2: 1087 daAuts
     D:4: 885 daAuts
     D:3: 820 daAuts
     D:5: 608 daAuts
